 Dungeon Crawl Stone Soup version 0.32-a0-616-g9348d4545b (webtiles) character file.

Game seed: 8739545764130195340

44 jasper the Changeling (level 3, -4/26 HPs)
             Began as a Demonspawn Shapeshifter on Mar 5, 2024.
             Slain by Sigmund
             ... wielding a +0 scythe
              (8 damage)
             ... on level 2 of the Dungeon.
             The game lasted 00:02:04 (1194 turns).

jasper the Changeling (Demonspawn Shapeshifter)     Turns: 1194, Time: 00:02:05

Health: -4/26      AC:  4    Str: 16    XL:     3   Next: 39%
Magic:  3/3        EV: 12    Int: 10    God:
Gold:   22         SH:  0    Dex: 12    Spells: 2/2 levels left

rFire   . . .        b - +2 dagger (venom)
rCold   . . .        (no shield)
rNeg    . . .        a - +0 animal skin
rPois   .            (helmet currently unavailable)
rElec   .            (cloak currently unavailable)
rCorr   .            (gloves currently unavailable)
SInv    .            (boots currently unavailable)
Will    .....        (no amulet)
Stlth   +            (no ring)
HPRegen 0.24/turn    (no ring)
MPRegen 0.08/turn

%: no passive effects
@: beast-form
A: beast (slay +2), molten scales 1, ignite blood 1
a: Begin Untransformation


You were on level 2 of the Dungeon.
You were a hulking beast.
You visited 1 branch of the dungeon, and saw 2 of its levels.

You collected 85 gold pieces.
You spent 63 gold pieces at shops.

Inventory:

Hand Weapons
 b - a +2 dagger of venom (weapon)
 n - a +1 dagger of flaming
Missiles
 j - 8 stones (quivered)
 l - 3 poisoned darts
Armour
 a - a +0 animal skin (worn)
 o - a +0 pair of boots
Talismans
 c - a beast talisman (active)
 d - a flux talisman
Scrolls
 e - 3 scrolls of identify {unknown}
 i - 2 scrolls of teleportation {unknown}
 k - a scroll of poison {unknown}
 p - a scroll of revelation {unknown}
Potions
 g - a potion of heal wounds {unknown}
 h - a potion of haste {unknown}
 m - a potion of magic {unknown}


   Skills:
 - Level 1.0 Fighting
 - Level 1.7 Dodging
 - Level 2.6 Unarmed Combat
 + Level 3.9 Shapeshifting


You had 2 spell levels left.
You didn't know any spells.
Your spell library contained the following spells:

 Spells                   Type           Power      Damage    Failure   Level
 Static Discharge         Conj/Air       0%         3-3/arc   50%         2
 Airstrike                Air            0%         2d(0-16)  98%         4
 Summon Lightning Spire   Summ/Air       0%         N/A       98%         4


Dungeon Overview and Level Annotations

Branches:
Dungeon (2/15)

Altars:

Shops:
D:2 ((([

Annotations:
D:2 Sigmund


Innate Abilities, Weirdness & Mutations

You are a hulking beast.
Your limbs bulge with bestial killing power. (Slay +2)
You are partially covered in molten scales. (AC +2)
Your demonic aura sometimes causes spilled blood to erupt in flames.


Message History

You barely miss the jackal. The jackal closely misses you.
You hit the jackal.
The jackal is poisoned.
The jackal is severely wounded.
You kill the jackal!
Sigmund gestures wildly while chanting.
Sigmund flickers and vanishes!
Deactivating autopickup; reactivate with Ctrl-A.
Okay, then.
You hit the jackal.
The jackal is moderately wounded.
The jackal bites you.
The jackal bites you but does no damage.
You take 1 damage, and have 20/26 hp.
You closely miss the jackal.
The jackal is moderately wounded.
Something barely misses you. The jackal barely misses you.
You hit the jackal.
The jackal is poisoned.
The jackal is heavily wounded.
The jackal closely misses you. Something barely misses you.
You closely miss the jackal.
The jackal is severely wounded.
The jackal bites you but does no damage.
The jackal closely misses you.
You hit the jackal.
You kill the jackal!
Something hits you.
You take 3 damage, and have 18/26 hp.
Something hits you!
You take 9 damage, and have 9/26 hp.
MASSIVE DAMAGE!!
You barely miss something. You closely miss something.
You hear some strange, mumbled words.
A puff of flame appears from out of thin air!
The puff of flame hits you.
* * * LOW HITPOINT WARNING * * *
You take 6 damage, and have 3/26 hp.
MASSIVE DAMAGE!!
You feel better. Something hits you!
* * * LOW HITPOINT WARNING * * *
You barely miss something. Something hits you!
You die...

.............#####
##> #..............#
##..
#..............###.##
#..PP...##.###.....#
#..P∩P..##.# #.###.#
#...PP..##.# #.. ....
#.......##.# ########
#.#####.#.#.
#...h{...# #
######..#....########
#...............
#.$.......######
#.......#. #
#..#....# # .
#..##...# # . ...#
#..# # .## .#.# ..# #


There were no monsters in sight!

Vanquished Creatures
  2 adders (D:2)
  A dart slug (D:2)
  An endoplasm (D:2)
  A giant cockroach (D:2)
  4 goblins
  2 hobgoblins (D:2)
  3 jackals (D:2)
  2 kobolds (D:2)
  2 quokkas
  A ball python (D:2)
  2 bats
  A rat (D:2)
22 creatures vanquished.

Notes
Turn   | Place    | Note
-------+----------+-------------------------------------------
     0 | D:1      | jasper the Demonspawn Shapeshifter began the quest for the
                  | Orb.
     0 | D:1      | Reached XP level 1. HP: 15/15 MP: 1/1
   748 | D:2      | Reached skill level 3 in Shapeshifting
   750 | D:2      | Found Awoadiud's Antique Weapon Emporium.
   781 | D:2      | Gained mutation: You are partially covered in molten
                  | scales. (AC +2) [demonic ancestry]
   781 | D:2      | Reached XP level 2. HP: 13/21 MP: 2/2
   842 | D:2      | Found Qaeck's Antique Weapon Shop.
   899 | D:2      | Gained mutation: Your demonic aura sometimes causes spilled
                  | blood to erupt in flames. [demonic ancestry]
   899 | D:2      | Reached XP level 3. HP: 26/26 MP: 3/3
  1014 | D:2      | Found Qoupnuan's Armour Shoppe.
  1100 | D:2      | Bought a +0 pair of boots for 63 gold pieces
  1162 | D:2      | Found Qufuyn's Antique Weapon Emporium.
  1175 | D:2      | Noticed Sigmund
  1194 | D:2      | Slain by Sigmund

Illustrated notes

Levels and vault maps discovered:
D:1:      roderic_octagonal_star, layout_loops_cross
D:2:      layout_loops_ring, hellmonk_ecumenical_altar_blasted, serial_shops,
          shop, shop, nicolae_shop_hallway_stairs,
          nicolae_shop_overgrown_old_shop, shop, uniq_sigmund, uniq_jessica

Skill      XL: |  1 |
---------------+----+-----
Shapeshifting  | 3 |  3.9
Fighting       | |  1.0
Dodging        | |  1.7
Unarmed Combat | |  2.6

Action                     || total
---------------------------++-------
  Melee: Unarmed           ||    53
         Punch             ||     1
         Dagger            ||    21
  Throw: Dart              ||     5
    Use: Potion            ||     3
   Stab: Sleeping          ||     1
 Armour: Animal skin       ||    37
         Skin              ||     1
  Dodge: Dodged            ||    43

Table legend: (Time is in decaauts)
 A = Elapsed time spent in this place.
 B = Non-inter-level travel time spent in this place.
 C = Inter-level travel time spent in this place.
 D = Time resting spent in this place.
 E = Time spent auto-exploring this place.
 F = Levels seen in this place.
 G = Mean time per level.
                   A        B        C        D        E       F      G
               +--------+--------+--------+--------+--------+-----+--------+
         Total |   1190 |   1103 |     87 |     72 |    841 |   2 |  595.0 |
       Dungeon |   1190 |   1103 |     87 |     72 |    841 |   2 |  595.0 |
               +--------+--------+--------+--------+--------+-----+--------+

Top non-repeatable levels by time:
     D:1: 744 daAuts
     D:2: 445 daAuts
